 Dungeon Crawl Stone Soup version 0.30-a0-358-g0d69a1922f (webtiles) character file.

Game seed: 5200517751134316391

51 p00ps00p the Trooper (level 3, -1/29 HPs)
             Began as a Hill Orc Fighter on Nov 8, 2022.
             Succumbed to an adder's poison
             ... on level 2 of the Dungeon.
             The game lasted 00:03:30 (1119 turns).

p00ps00p the Trooper (Hill Orc Fighter)             Turns: 1119, Time: 00:03:30

Health: -1/29      AC:  8    Str: 20    XL:     3   Next: 83%
Magic:  3/3        EV:  9    Int:  8    God:
Gold:   94         SH:  5    Dex: 10    Spells: 2/2 levels left

rFire   . . .      SeeInvis .    a - +0 war axe
rCold   . . .      Faith    .    c - +1 buckler
rNeg    . . .      Spirit   .    b - +0 scale mail
rPois   .          Reflect  .    (no helmet)
rElec   .          Harm     .    (no cloak)
rCorr   .          Rampage  .    g - +0 pair of gloves
Will    .....                    (no boots)
Stlth   ..........               j - amulet of the acrobat
HPRegen 0.24/turn                (no ring)
MPRegen 0.08/turn                (no ring)

@: lethally poisoned (-1 -> -13), hasted, very quick
A: frail 1, mutation resistance 1
a: no special abilities


You were on level 2 of the Dungeon.
You visited 1 branch of the dungeon, and saw 2 of its levels.

You collected 94 gold pieces.

Inventory:

Hand Weapons
 a - a +0 war axe (weapon)
 k - a +1 hand axe of electrocution
Missiles
 l - 2 curare-tipped darts (quivered)
Armour
 b - a +0 scale mail (worn)
 c - a +1 buckler (worn)
 g - a +0 pair of gloves (worn)
Jewellery
 j - an amulet of the acrobat (around neck)
Scrolls
 f - a scroll of amnesia {unknown}
 h - a scroll of identify {unknown}
 n - a scroll of poison {unknown}
Potions
 d - a potion of might
 e - a potion of curing {unknown}
 i - a potion of haste
 m - a potion of mutation


   Skills:
 + Level 4.2 Fighting
 + Level 3.5 Axes
 + Level 3.8 Armour
 + Level 3.8 Shields


You had 2 spell levels left.
You didn't know any spells.
Your spell library was empty.

Dungeon Overview and Level Annotations

Branches:
Dungeon (2/15)

Altars:

Shops:
D:1 (

Annotations:
D:2 1 runed translucent door, Crazy Yiuf


Innate Abilities, Weirdness & Mutations

You are frail. (-10% HP)
You are somewhat resistant to further mutation.


Message History

You barely miss the adder.
The adder is moderately wounded.
The adder bites you but does no damage. The adder barely misses you.
You barely miss the adder.
The adder is moderately wounded.
The adder bites you but does no damage.
You hit the adder.
The adder is severely wounded.
You block the adder's attack. The adder bites you but does no damage.
You barely miss the adder.
The adder is severely wounded.
The adder bites you.
You are poisoned.
The adder poisons you! The adder bites you.
You are more poisoned.
The adder poisons you!
You closely miss the adder.
The adder is heavily wounded.
You feel very sick. The adder bites you. You block the adder's attack.
You barely miss the adder.
The adder is heavily wounded.
You feel sick. The adder barely misses you. The adder bites you.
* * * LOW HITPOINT WARNING * * *
You are lethally poisoned!
The adder poisons you!
You miss the adder.
The adder is heavily wounded.
* * * LOW HITPOINT WARNING * * *
You feel very sick. You block the adder's attack.
It was a potion of haste.
You feel yourself speed up.
* * * LOW HITPOINT WARNING * * *
You feel sick. The adder bites you but does no damage. The adder bites you.
* * * LOW HITPOINT WARNING * * *
You are more poisoned.
The adder poisons you!
It was a potion of mutation.
You feel extremely strange.
You feel frail.
You feel genetically stable.
You die...

*,* *,** *,,*
*,***#######. *,* *,*
#..* *,,,,........
****,***,****#..*
*,,,,........
*,,,,,,,,,,,,..#*
*****########
*,******,****#.# *,*
*,* #.#
*,****##.#####.#
,,,,,,.....>..g######
*,*****#.....KgS@...#
***##### *,*
############.#
*,,..... *,* #.#
*,*##### *,* #.# *,*
*,* #.# *,* *,* #.#
*,* *,* #)# *,****
*,* #.# *,,,,* *,#
########.# ****,*


You could see 2 gnolls, an adder and a kobold.

Vanquished Creatures
  A gnoll (D:2)
  An adder (D:2)
  A worm (D:2)
  3 dart slugs
  2 endoplasms (D:1)
  2 giant cockroaches (D:1)
  5 goblins
  A hobgoblin (D:1)
  3 ball pythons
  A bat (D:2)
  A frilled lizard (D:2)
  2 kobolds (D:1)
  A rat (D:1)
24 creatures vanquished.

Notes
Turn   | Place    | Note
-------+----------+-------------------------------------------
     0 | D:1      | p00ps00p the Hill Orc Fighter began the quest for the Orb.
     0 | D:1      | Reached XP level 1. HP: 19/19 MP: 1/1
   225 | D:1      | Found Idikumm's Antique Weapon Emporium.
   231 | D:1      | Reached XP level 2. HP: 27/27 MP: 2/2
   765 | D:2      | Found a runed translucent door.
   766 | D:2      | Noticed Crazy Yiuf
   798 | D:2      | Reached skill level 4 in Fighting
   844 | D:2      | Reached XP level 3. HP: 30/33 MP: 3/3
  1118 | D:2      | HP: 1/33 [adder (2)]
  1119 | D:2      | Gained mutation: You are frail. (-10% HP) [potion of
                  | mutation]
  1119 | D:2      | Gained mutation: You are somewhat resistant to further
                  | mutation. [potion of mutation]
  1119 | D:2      | Succumbed to an adder's poison

Illustrated notes

Levels and vault maps discovered:
D:1:      co_arrival_random_square_maze, layout_rooms, serial_shops,
          nicolae_shop_advertising_works [nicolae_subvault_shop_adworks],
          dreamdust_wishing_well, minivault_23, minmay_statues_item
D:2:      layout_loops_ring, minmay_tetromino_l4, uniq_crazy_yiuf_cottage

Skill      XL: |  1  2 |
---------------+-------+-----
Axes           | 3 |  3.5
Fighting       | 4 |  4.2
Armour         | |  3.8
Shields        | |  3.8

Action                   || total
-------------------------++-------
Melee: War axe           ||    81
  Use: Scroll            ||     4
       Potion            ||     2
Armor: Scale mail        ||    41
Dodge: Dodged            ||    51
Block: Buckler           ||    19

Table legend: (Time is in decaauts)
 A = Elapsed time spent in this place.
 B = Non-inter-level travel time spent in this place.
 C = Inter-level travel time spent in this place.
 D = Time resting spent in this place.
 E = Time spent auto-exploring this place.
 F = Levels seen in this place.
 G = Mean time per level.
                   A        B        C        D        E       F      G
               +--------+--------+--------+--------+--------+-----+--------+
         Total |   1149 |   1125 |     24 |     49 |    718 |   2 |  574.5 |
       Dungeon |   1149 |   1125 |     24 |     49 |    718 |   2 |  574.5 |
               +--------+--------+--------+--------+--------+-----+--------+

Top non-repeatable levels by time:
     D:1: 609 daAuts
     D:2: 539 daAuts
